 Dungeon Crawl Stone Soup version 0.22-a0-553-g9358b0b (webtiles) character file.

330 inc the Chiller (level 6, -1/36 HPs)
             Began as an Octopode Ice Elementalist on June 25, 2018.
             Was an Initiate of Gozag.
             Slain by a wight
             ... wielding a +0 great sword
              (11 damage)
             ... in an ossuary.
             The game lasted 00:06:42 (4003 turns).

inc the Chiller (Octopode Ice Elementalist)         Turns: 4003, Time: 00:06:44

Health: -1/36      AC:  1    Str:  7    XL:     6   Next: 51%
Magic:  1/9        EV: 13    Int: 19    God:    Gozag
Gold:   72         SH:  0    Dex: 19    Spells: 1/9 levels left

rFire    . . .     SeeInvis .   h - +0 spear
rCold    . . .     Gourm    .   (no shield)
rNeg     . . .     Faith    .   (helmet restricted)
rPois    +         Spirit   .   (no amulet)
rElec    .         Reflect  .   k - +2 ring of dexterity
rCorr    .         Harm     .   p - ring of poison resistance
MR       .....                  t - ring of flight
Stlth    +++.......             g - +4 ring of dexterity
HPRegen  0.12/turn              (no ring)
MPRegen  0.11/turn              (no ring)
                                (no ring)
                                (no ring)

@: gold aura, very slightly contaminated, drained
A: almost no armour, stealthy swim, amphibious, 8 rings, constrict 8, camouflage
1, gelatinous body 1
a: Potion Petition, Call Merchant, Bribe Branch, Renounce Religion, Evoke Flight


You were in an ossuary.
You worshipped Gozag.
Gozag was noncommittal.
You were not hungry.

You visited 2 branches of the dungeon, and saw 6 of its levels.
You also visited: Ossuary.

You collected 119 gold pieces.
You paid 47 gold pieces to Gozag.

Inventory:

Hand Weapons
 d - a +0 short sword
 h - a +0 spear (weapon)
Jewellery
 g - a +4 ring of dexterity (on tentacle)
 k - a +2 ring of dexterity (left tentacle)
 p - a ring of poison resistance (right tentacle)
 t - a ring of flight (on tentacle)
 u - an uncursed ring of ice
Wands
 r - a wand of flame (15)
Scrolls
 a - 2 scrolls of identify
 e - a scroll of remove curse
 n - 2 scrolls of teleportation
 s - 2 scrolls of amnesia
Potions
 b - a potion of flight {unknown}
 f - 2 potions of curing
 i - a potion of ambrosia
 l - a potion of brilliance
 m - a potion of mutation
 o - a potion of lignification {unknown}
Comestibles
 c - 5 rations


   Skills:
 - Level 2.0(1.3) Dodging
 - Level 2.6(2.0) Stealth
 - Level 2.0(1.3) Spellcasting
   Level 1.0(0.3) Conjurations
 + Level 1.1(0.5) Summonings
 - Level 6.9(6.2) Ice Magic


You had one spell level left.
You knew the following spells:

 Your Spells              Type           Power        Failure   Level  Hunger
a - Freeze                Ice            ###.         1%          1    ##.....
b - Ozocubu's Armour      Chrm/Ice       ##......     16%         3    ####...
c - Summon Ice Beast      Ice/Summ       ##......     41%         4    #####..

Your spell library contained the following spells:

 Spells                   Type           Power        Failure   Level  Hunger
 Throw Frost              Conj/Ice       ##....       7%          2    ###....
 Summon Small Mammal      Summ           #...         14%         1    ##.....
 Call Imp                 Summ           #.......     22%         2    ###....
 Throw Icicle             Conj/Ice       ##......     43%         4    #####..
 Call Canine Familiar     Summ           #.......     41%         3    ####...
 Summon Lightning Spire   Summ/Air       #.......     85%         4    #####..
 Summon Guardian Golem    Hex/Summ       #.......     43%         3    ####...


Dungeon Overview and Level Annotations

Branches:
Dungeon (5/15)             Temple (1/1) D:5

Altars:
Cheibriados
Dithmenos
Fedhas
Gozag
Hepliaklqana
Kikubaaqudgha
Makhleb
Nemelex Xobeh
Okawaru
Qazlal
Ru
Sif Muna
Trog
Uskayaw
Vehumet
Wu Jian
Xom
Yredelemnul
Zin
The Shining One


Innate Abilities, Weirdness & Mutations

You cannot wear most types of armour.
You are very stealthy in the water. (Stealth+)
You are amphibious.
You can wear up to eight rings at the same time.
You can use your tentacles to constrict eight enemies at once.
Your skin changes colour to match your surroundings (Stealth+).
Your rubbery body absorbs attacks. (AC +1, EV +1)


Message History

You feel drained.
You hit the wight. You squeeze the wight.
The wight is heavily damaged.
You constrict the wight. The wight hits you with a great sword!
You feel drained.
* * * LOW HITPOINT WARNING * * *
Unknown command.
Okay, then.
Casting: Freeze (safe; 1% risk of failure)
Confirm with . or Enter, or press ? or * to list all spells.
You miscast Summon Ice Beast.
You are very lightly contaminated with residual magic.
A chill runs through your body.
You constrict the wight. The wight misses you.
Unknown command.
Casting: Summon Ice Beast (quite dangerous; 41% risk of failure)
Confirm with . or Enter, or press ? or * to list all spells.
You miscast Summon Ice Beast.
A chill runs through your body.
You constrict the wight. The wight hits you with a great sword!
You die...
Your body crumbles into a pile of gold.

#. +.+ #.# +.+ #.# +.+
###.### #.z.'.# ###@###
#.'.'.# # ###'### ##
##...## .###
####.....## ...######
#.#.......##
∩...#...###..........##
.....###.#............#
....## ##..#..........#


You could see a wight.

Vanquished Creatures
  A scorpion (D:5)
  A bullfrog zombie (D:5)
  A crimson imp (D:5)
  A hound (D:5)
  Jessica (D:2)
  A hound skeleton (D:4)
  7 adders
  An adder zombie (D:3)
  3 worms
  2 dart slugs (D:2)
  4 leopard geckos
  2 orcs
  A ball python (D:3)
  4 bats (D:2)
  5 giant cockroaches
  5 goblins
  4 hobgoblins
  2 jackals (D:3)
  6 kobolds
  3 quokkas
  A ball python skeleton (Ossuary)
  4 frilled lizards
  A hobgoblin zombie (Ossuary)
  A jackal skeleton (D:5)
  A kobold zombie (Ossuary)
  7 rats
70 creatures vanquished.

Notes
Turn   | Place    | Note
-------+----------+-------------------------------------------
     0 | D:1      | inc the Octopode Ice Elementalist began the quest for the Orb.
     0 | D:1      | Reached XP level 1. HP: 11/11 MP: 3/3
   107 | D:1      | Reached XP level 2. HP: 6/17 MP: 5/5
   899 | D:2      | Reached skill level 4 in Ice Magic
   921 | D:2      | Reached XP level 3. HP: 21/21 MP: 6/6
  1416 | D:2      | Reached XP level 4. HP: 15/27 MP: 1/7
  1650 | D:2      | Reached skill level 5 in Ice Magic
  1719 | D:2      | Noticed Jessica
  1723 | D:2      | Killed Jessica
  2099 | D:3      | Reached XP level 5. HP: 29/31 MP: 6/8
  2354 | D:3      | Found a faded altar of an unknown god.
  2987 | D:4      | Reached skill level 6 in Ice Magic
  3294 | D:4      | Noticed a phantom
  3321 | D:5      | Entered Level 5 of the Dungeon
  3321 | D:5      | Noticed a phantom
  3356 | D:5      | Reached XP level 6. HP: 16/36 MP: 2/9
  3540 | D:5      | Learned a level 3 spell: Ozocubu's Armour
  3553 | D:5      | Learned a level 4 spell: Summon Ice Beast
  3733 | D:5      | Found a staircase to the Ecumenical Temple.
  3745 | Temple   | Entered the Ecumenical Temple
  3809 | Temple   | Became a worshipper of Gozag Ym Sagoz the Greedy
  3836 | D:5      | Reached skill level 1 in Summonings
  3897 | D:5      | Found a blossoming altar of Fedhas.
  3903 | D:5      | Found a stormy altar of Qazlal.
  3922 | D:5      | Found a sand-covered staircase.
  3928 | Ossuary  | Entered an ossuary
  4003 | Ossuary  | Slain by a wight

Vault maps used:
D:1:      eino_arrival_cavern_e, kennysheep_another_room
D:2:      uniq_jessica
D:3:      chequers_ecumenical_altar_simple, kennysheep_doodads
D:4:      first_ration, uniq_robin
D:5:      grunt_temple_overflow_forces_of_nature,
          minmay_temple_entry_junction_2, nicolae_ossuary_entry_ruins,
          nicolae_qazlal_eye_of_the_storm
Temple:   hc_temple_tempest_star
Ossuary:  ossuary_due_cavern

Skill      XL: |  1  2  3  4  5  6 |
---------------+-------------------+-----
Ice Magic      | 4 5 6 |  6.9
Summonings     | 1 |  1.1
Dodging        | |  2.0
Stealth        | |  2.6
Spellcasting   | |  2.0
Conjurations   | |  1.0

Action                   |  1- 3 |  4- 6 || total
-------------------------+-------+-------++-------
Melee: Short sword       |    13 |       ||    13
       Constrict         |    10 |    24 ||    34
       Tentacles         |     5 |    14 ||    19
       Spear             |    42 |   108 ||   150
 Cast: Freeze            |     9 |    29 ||    38
  Use: Scroll            |       |    10 ||    10
       Potion            |       |     2 ||     2
 Stab: Sleeping          |    11 |    14 ||    25
  Eat: Chunk             |     1 |     6 ||     7
       Ration            |       |     2 ||     2
Armor: Skin              |     2 |     6 ||     8
Dodge: Dodged            |    27 |    63 ||    90

Table legend:
 A = Spawn XP
 B = Non-spawn XP
 C = Spawn XP percentage of total XP
 D = Spawn monster count
 E = Non-spawn monster count
 F = Spawn count percentage of total count
 G = Total turns spent on level
                    A         B        C        D         E        F      G
               +---------+---------+-------+---------+---------+-------+---------
         Total |       0 |     472 |   0.0 |       0 |      70 |   0.0 |  4003
               +---------+---------+-------+---------+---------+-------+---------
           D:1 |       0 |      20 |   0.0 |       0 |      12 |   0.0 |  1037
           D:2 |       0 |     130 |   0.0 |       0 |      25 |   0.0 |  1057
           D:3 |       0 |      69 |   0.0 |       0 |      17 |   0.0 |   750
           D:4 |       0 |      34 |   0.0 |       0 |       5 |   0.0 |   483
           D:5 |       0 |     216 |   0.0 |       0 |       8 |   0.0 |   522
       Ossuary |       0 |       3 |   0.0 |       0 |       3 |   0.0 |    75
               +---------+---------+-------+---------+---------+-------+---------
